 Dungeon Crawl Stone Soup version 0.23-a0-49-gd9f7a49 (webtiles) character file.

410 topirishpotato the Sneak (level 6, -2/42 HPs)
             Began as an Octopode Monk on Aug 7, 2018.
             Slain by an orc
             ... wielding a +0 hand axe
              (5 damage)
             ... on level 3 of the Dungeon.
             The game lasted 00:06:56 (2972 turns).

topirishpotato the Sneak (Octopode Monk)            Turns: 2972, Time: 00:06:56

Health: -2/42      AC:  1    Str: 15    XL:     6   Next: 89%
Magic:  6/6        EV: 15    Int: 13    God:
Gold:   70         SH:  0    Dex: 16    Spells: 5/5 levels left

rFire    + . .     SeeInvis .     - Unarmed
rCold    + . .     Gourm    .   (no shield)
rNeg     . . .     Faith    .   (helmet restricted)
rPois    +         Spirit   .   (no amulet)
rElec    +         Reflect  .   (no ring)
rCorr    +         Harm     .   (no ring)
MR       .....                  (no ring)
Stlth    ++++......             (no ring)
HPRegen  0.14/turn              (no ring)
MPRegen  0.10/turn              (no ring)
                                (no ring)
                                (no ring)

@: mighty, resistant
A: almost no armour, stealthy swim, amphibious, 8 rings, constrict 8, camouflage
1, gelatinous body 1
a: no special abilities


You were on level 3 of the Dungeon.
You were not hungry.

You visited 1 branch of the dungeon, and saw 3 of its levels.

You collected 70 gold pieces.

Inventory:

Missiles
 b - 154 stones (quivered)
Wands
 j - a wand of random effects (56)
Scrolls
 d - a scroll of blinking {unknown}
 e - a scroll of fear
 g - 2 scrolls of remove curse
Comestibles
 a - 3 rations


   Skills:
 + Level 3.5 Fighting
 + Level 4.1 Dodging
 + Level 6.0 Stealth
 + Level 5.4 Unarmed Combat


You had 5 spell levels left.
You didn't know any spells.
Your spell library was empty.

Dungeon Overview and Level Annotations

Branches:
Dungeon (3/15)

Altars:

Annotations:
D:3 3 runed doors, Theoretic's ghost, amateur GrFi


Innate Abilities, Weirdness & Mutations

You cannot wear most types of armour.
You are very stealthy in the water. (Stealth+)
You are amphibious.
You can wear up to eight rings at the same time.
You can use your tentacles to constrict eight enemies at once.
Your skin changes colour to match your surroundings (Stealth+).
Your rubbery body absorbs attacks. (AC +1, EV +1)


Message History

Natasha is lightly wounded.
You constrict Natasha. Natasha closely misses you.
You bludgeon Natasha!
Natasha is severely wounded.
You constrict Natasha. Natasha casts a spell at you. The magic dart hits you!
* * * LOW HITPOINT WARNING * * *
It was a potion of resistance.
You feel protected.
You constrict Natasha.
You kill Natasha!
Natasha screams in fury as she dies!
Your Stealth skill increases to level 6!
Things that are here:
a hand axe of flaming; a ring mail It was a potion of might.
You feel very mighty all of a sudden. The orc hits you with a hand axe.
You die...

# ..##.
#......##.#..# .#
#......##....#
#......#...... #
#......#.##...
#.##......#.#####
#...........## #
####..........# #
#.o..##.......# #
#@#.. +.......# # #
#)#. #.......# #
#.#####.#.###.......#
.......÷#...........#
........####.########
.......†.###.#
.....%.#..<#.#
.......#.###.#
.>.....#.....#


You could see an orc.

Vanquished Creatures
  A bullfrog (D:3)
  Jessica (D:3)
  Terence (D:2)
  Natasha (twice) (D:3)
  A worker ant (D:3)
  7 gnolls
  8 adders
  A worm (D:2)
  A dart slug (D:1)
  A leopard gecko (D:2)
  6 orcs (D:3)
  2 ball pythons (D:2)
  3 giant cockroaches
  6 goblins (D:1)
  7 hobgoblins
  4 jackals (D:2)
  6 kobolds
  4 quokkas
  8 bats
  5 frilled lizards
  6 rats
81 creatures vanquished.

Notes
Turn   | Place    | Note
-------+----------+-------------------------------------------
     0 | D:1      | topirishpotato the Octopode Monk began the quest for the Orb.
     0 | D:1      | Reached XP level 1. HP: 16/16 MP: 1/1
   119 | D:1      | Reached XP level 2. HP: 20/21 MP: 2/2
   377 | D:1      | Reached skill level 3 in Stealth
   470 | D:1      | Reached XP level 3. HP: 26/26 MP: 3/3
   885 | D:2      | Noticed Terence
   895 | D:2      | Killed Terence
   895 | D:2      | Reached XP level 4. HP: 22/31 MP: 4/4
  1114 | D:2      | Reached skill level 4 in Stealth
  1432 | D:2      | Reached XP level 5. HP: 30/36 MP: 5/5
  2012 | D:3      | Noticed Jessica
  2114 | D:3      | Reached skill level 5 in Stealth
  2267 | D:3      | Reached XP level 6. HP: 30/42 MP: 6/6
  2338 | D:3      | Killed Jessica
  2380 | D:3      | Found a faded altar of an unknown god.
  2388 | D:3      | Reached skill level 5 in Unarmed Combat
  2590 | D:3      | Found a runed gate.
  2590 | D:3      | Found a runed gate.
  2592 | D:3      | Found a runed gate.
  2594 | D:3      | Noticed Theoretic's ghost (amateur GrFi)
  2627 | D:3      | Noticed Natasha
  2633 | D:3      | Killed Natasha
  2964 | D:3      | Noticed Natasha
  2968 | D:3      | HP: 2/42 [Natasha/magic dart (8)]
  2969 | D:3      | Killed Natasha
  2969 | D:3      | Reached skill level 6 in Stealth
  2972 | D:3      | Slain by an orc

Vault maps used:
D:1:      minmay_arrival_shattered_statue, kennysheep_nondescript,
          grunt_decor_arrowhead
D:2:      uniq_terence
D:3:      gammafunk_temple_overflow_statue, chequers_ecumenical_altar_simple,
          first_ration, gammafunk_ghost_nasty_kobolds, uniq_jessica, uniq_robin,
          uniq_natasha

Skill      XL: |  1  2  3  4  5  6 |
---------------+-------------------+-----
Stealth        | 3 4 5 6 |  6.0
Unarmed Combat | 4 5 |  5.4
Dodging        | 4 |  4.1
Fighting       | |  3.5

Action                   |  1- 3 |  4- 6 || total
-------------------------+-------+-------++-------
Melee: Unarmed           |    59 |   124 ||   183
       Constrict         |    20 |    35 ||    55
       Tentacles         |    13 |    27 ||    40
       Punch             |     1 |     7 ||     8
  Use: Scroll            |     2 |     5 ||     7
       Potion            |       |     5 ||     5
 Stab: Sleeping          |    10 |    13 ||    23
       Invisible         |       |     1 ||     1
  Eat: Chunk             |       |     4 ||     4
       Ration            |       |     1 ||     1
Armor: Skin              |     6 |     9 ||    15
Dodge: Dodged            |    35 |    75 ||   110

Table legend:
 A = Spawn XP
 B = Non-spawn XP
 C = Spawn XP percentage of total XP
 D = Spawn monster count
 E = Non-spawn monster count
 F = Spawn count percentage of total count
 G = Total turns spent on level
                    A         B        C        D         E        F      G
               +---------+---------+-------+---------+---------+-------+---------
         Total |       0 |     587 |   0.0 |       0 |      81 |   0.0 |  2972
               +---------+---------+-------+---------+---------+-------+---------
           D:1 |       0 |      35 |   0.0 |       0 |      20 |   0.0 |   761
           D:2 |       0 |     172 |   0.0 |       0 |      32 |   0.0 |  1415
           D:3 |       0 |     380 |   0.0 |       0 |      29 |   0.0 |   796
               +---------+---------+-------+---------+---------+-------+---------
